 Dungeon Crawl Stone Soup version 0.28-a0-1080-g05a166d0ed (webtiles) character file.

Game seed: 16003744647806000868

17 ytrimaz the Insei (level 2, 0/18 HPs)
             Began as an Octopode Transmuter on Dec 9, 2021.
             Slain by a worm (10 damage)
             ... on level 2 of the Dungeon.
             The game lasted 00:00:40 (844 turns).

ytrimaz the Insei (Octopode Transmuter)              Turns: 844, Time: 00:00:40

Health: 0/18       AC:  1    Str:  9    XL:     2   Next: 62%
Magic:  5/5        EV: 13    Int: 15    God:
Gold:   36         SH:  0    Dex: 12    Spells: 4/5 levels left

rFire   . . .      SeeInvis .     - Unarmed
rCold   . . .      Faith    .   (no shield)
rNeg    . . .      Spirit   .   (helmet restricted)
rPois   .          Reflect  .   (no amulet)
rElec   .          Harm     .   (no ring)
rCorr   .          Rampage  .   (no ring)
Will    .....                   (no ring)
Stlth   ++........              (no ring)
HPRegen 0.06/turn               (no ring)
MPRegen 0.09/turn               (no ring)
                                (no ring)
                                (no ring)

@: no status effects
A: almost no armour, amphibious, 8 rings, camouflage 1, gelatinous body 1,
(nimble swimmer 1), tentacles
a: no special abilities


You were on level 2 of the Dungeon.
You visited 1 branch of the dungeon, and saw 2 of its levels.

You collected 36 gold pieces.

You aren't carrying anything.


   Skills:
 * Level 1.2 Fighting
 - Level 2.0 Dodging
 + Level 3.3 Unarmed Combat
 * Level 2.3 Spellcasting
 * Level 2.2 Transmutations


You had 4 spell levels left.
You knew the following spells:

 Your Spells              Type           Power      Damage    Failure   Level
a - Beastly Appendage     Tmut           16%        N/A       9%          1

Your spell library contained the following spells:

 Spells                   Type           Power      Damage    Failure   Level
 Wereblood                Tmut           8%         N/A       13%         2
 Spider Form              Tmut/Pois      5%         N/A       38%         3
 Ice Form                 Ice/Tmut       5%         N/A       80%         4


Dungeon Overview and Level Annotations

Branches:
Dungeon (1/15)

Altars:


Innate Abilities, Weirdness & Mutations

You cannot wear most types of armour.
You are amphibious.
You can wear up to eight rings at the same time.
Your skin changes colour to match your surroundings (Stealth+).
Your rubbery body absorbs attacks. (AC +1, EV +1)
((You are camouflaged near water. (Stealth+)))
You have tentacles for arms and can constrict up to eight enemies at once.


Message History

As you read the scroll labelled ZOIREICZ HAVVA, it crumbles to dust.
Wisps of shadow whirl around you...
It was a scroll of summoning.
Unknown command.
A goblin is nearby!
You swap places.
You swap places.
You swap places.
The helpless goblin fails to defend itself.
You tentacle-slap the goblin. Your grab misses the goblin.
The goblin is moderately wounded.
Your jackal bites the goblin.
The goblin misses you.
You closely miss the goblin. You grab the goblin. You squeeze the goblin.
You kill the goblin!
Things that are here:
a +0 club; a goblin corpse No target in view!
You swap places.
You see here a +0 robe.
You swap places.
Your jackal dissolves into shadows!
Your goblin dissolves into shadows!
Found a chain mail.
Your jackal dissolves into shadows!
A worm comes into view.
Found a dagger.
A worm is nearby!
A worm is nearby!
A worm is nearby!
Found 19 stones.
You barely miss the worm. You grab the worm.
You squeeze the worm, but do no damage. You constrict the worm.
Your adder dissolves into shadows!
You tentacle-slap the worm. You squeeze the worm.
The worm is moderately wounded.
You constrict the worm. The worm bites you!
You tentacle-slap the worm.
The worm is heavily wounded.
You constrict the worm. The worm bites you!
Ouch! That really hurt!
You die...

### ..# #.........# [.#
#......(..# ..#
#.........# ..#
#.........# ..#
#.........# ..#
#.........# ..#
#....w....## ..#
#...@....... ###
#.)........#
g#############..[....###
S#...................#
...###########.##......
#..# #.# ....... #..#
#.# ....... #..### #.#
....... #....#### ###.#
.....


You could see a worm.

Vanquished Creatures
  4 endoplasms
  3 goblins (D:2)
  A quokka (D:2)
  2 ball pythons (D:1)
  4 bats
  A frilled lizard (D:1)
15 creatures vanquished.

Notes
Turn   | Place    | Note
-------+----------+-------------------------------------------
     0 | D:1      | ytrimaz the Octopode Transmuter began the quest for the
                  | Orb.
     0 | D:1      | Reached XP level 1. HP: 13/13 MP: 3/3
   501 | D:1      | You fall into a shaft and drop 1 floor!
   510 | D:2      | Reached XP level 2. HP: 18/18 MP: 5/5
   844 | D:2      | Slain by a worm

Illustrated notes

Levels and vault maps discovered:
D:1:      dpeg_arrival_simpleton_c, layout_basic,
          shapermc_ecumenical_altar_hornbeckon
D:2:      layout_rooms

Action                   || total
-------------------------++-------
Melee: Unarmed           ||    40
       Constrict         ||     5
       Tentacles         ||     6
       Kick              ||     3
 Cast: Beastly Appendage ||     6
  Use: Scroll            ||     2
 Stab: Sleeping          ||     5
Armor: Skin              ||     2
Dodge: Dodged            ||    30

Table legend: (Time is in decaauts)
 A = Elapsed time spent in this place.
 B = Non-inter-level travel time spent in this place.
 C = Inter-level travel time spent in this place.
 D = Time resting spent in this place.
 E = Time spent auto-exploring this place.
 F = Levels seen in this place.
 G = Mean time per level.
                   A        B        C        D        E       F      G
               +--------+--------+--------+--------+--------+-----+--------+
         Total |    841 |    841 |      0 |      0 |    724 |   2 |  420.5 |
       Dungeon |    841 |    841 |      0 |      0 |    724 |   2 |  420.5 |
               +--------+--------+--------+--------+--------+-----+--------+

Top non-repeatable levels by time:
     D:1: 499 daAuts
     D:2: 341 daAuts
